AoeStats
← RickSteel2

Hideout

507374189Analyzed
1v1 RM · 15d ago on Sep 17, 2026· 38m 45s· 2 players
Game mode
Random Map
Map size
Tiny (2 player)
Population
200
Speed
Normal
Resources
Standard
Victory
Conquest
Starting age
Dark Age
Ending age
Imperial Age
RankedLock teamsTeams togetherTeam positionsShared explorationLock speedFull tech treeHidden civsTurbo modeCheats
Victory
Defeat
🇺🇸 Byzantines · United States
667
+15
🇩🇪 Hindustanis · Germany
639
-30
Raven
6:59 Loom
9:34 Feudal Age
10:10 Double-Bit Axe
10:08 Horse Collar
13:49 Wheelbarrow
13:02 Town Watch
19:53 Castle Age
18:32 Stone Mining
18:36 Gold Mining
23:15 Gold Shaft Mining
23:03 Bow Saw
23:22 Heavy Plow
24:45 Husbandry
25:46 Stone Shaft Mining
26:24 Grand Trunk Road
31:42 Imperial Age
29:26 Fletching
29:55 Forging
30:13 Scale Barding Armor
30:40 Hand Cart
30:46 Scale Barding Armor
31:05 Bodkin Arrow
31:20 Husbandry
32:01 Ballistics
32:01 Bloodlines
32:54 Iron Casting
33:43 Two-Man Saw
33:35 Town Patrol
33:13 Heavy Camel Rider
34:29 Murder Holes
35:50 Conscription
35:58 Chain Barding Armor
35:40 Bracer
RickSteel2
7:31 Loom
8:39 Loom
11:02 Feudal Age
11:33 Double-Bit Axe
11:31 Horse Collar
19:40 Castle Age
20:12 Fletching
20:22 Padded Archer Armor
21:39 Bow Saw
21:33 Heavy Plow
21:30 Gold Mining
21:38 Bodkin Arrow
21:50 Crossbowman
23:25 Stone Mining
23:09 Elite Skirmisher
25:38 Wheelbarrow
25:58 Stone Shaft Mining
27:38 Fervor
27:49 Sanctity
28:35 Gold Shaft Mining
32:37 Imperial Age
31:09 Murder Holes
31:34 Ballistics
31:38 Thumb Ring
32:21 Leather Archer Armor
33:35 Pikeman
34:17 Squires
34:05 Arson
36:35 Hoardings
36:58 Bracer
37:10 Forging
37:01 Scale Mail Armor
37:11 Arbalester
39:38 Conscription
Connection lost

Rejoining the realm…

Still unreachable

The connection could not be restored.

Session expired

The server has moved on; the page needs a fresh start.